ORI
UNIVERSITY OF OKLAHOMA SOONERS @ UNIVERSITY OF ALABAMA CRIMSON TIDE
11/18/2048
 
TOP OF THE 1ST
Coastal Carolina University Chanticleers batting - Pitching for University of Minnesota Golden Gophers : RHP John Roebuck
Pitching: RHP John Roebuck
Batting: RHB Tatsunori Ishigaki 0-0: Ball
1-0: DOUBLE (Line Drive, 9LM, EV 91.2 MPH)
Batting: RHB Fernando Tovar 0-0: Ground out 6-3 (Groundball, 6, EV 83.8 MPH)
Batting: LHB Orlando Hurtado 0-0: Foul Ball, location: 2F
0-1: Swinging Strike
0-2: DOUBLE (Flyball, 89D, EV 94.4 MPH)
Tatsunori Ishigaki scores
Batting: RHB Isaac Washington 0-0: Ball
1-0: Ball
2-0: Ball
3-0: Base on Balls
Batting: RHB Chris McDaniel 0-0: Ball
1-0: Ball
2-0: SINGLE (Line Drive, 8RS, EV 98.8 MPH)
Orlando Hurtado to third
Isaac Washington to second
Batting: LHB Justin Sanders 0-0: Fly out, F7 (Line Drive, 7LM, EV 92.5 MPH)
Runner from 3rd tags up, SCORES, no throw by LF
Batting: RHB Mike Grogan 0-0: Ball
1-0: Ball
2-0: Ground out 4-3 (Groundball, 4, EV 83.1 MPH)
Top of the 1st over - 2 runs, 3 hits, 0 errors, 2 left on base; Coastal Carolina University 2 - University of Minnesota 0
BOTTOM OF THE 1ST
University of Minnesota Golden Gophers batting - Pitching for Coastal Carolina University Chanticleers : RHP Eddie Larnach
Pitching: RHP Eddie Larnach
Batting: RHB Roy Evenden 0-0: Ball
1-0: Ground out 4-3 (Groundball, 4M, EV 86.9 MPH)
Batting: SHB Chris Rodgers 0-0: Ball
1-0: Swinging Strike
1-1: Called Strike
1-2: Ball
2-2: Ball
3-2: Ground out 3-1 (Groundball, 34S, EV 87.5 MPH)
Batting: RHB Ozzie Buendia 0-0: Foul Ball, location: 2F
0-1: Swinging Strike
0-2: Strikes out swinging
Bottom of the 1st over - 0 runs, 0 hits, 0 errors, 0 left on base; Coastal Carolina University 2 - University of Minnesota 0
TOP OF THE 2ND
Coastal Carolina University Chanticleers batting - Pitching for University of Minnesota Golden Gophers : RHP John Roebuck
Batting: SHB Iher Waithaka 0-0: Called Strike
0-1: Ball
1-1: Called Strike
1-2: SOLO HOME RUN (Line Drive, 89XD, EV 108.1 MPH), Distance : 423 ft
Batting: RHB Tristan Williams 0-0: Ball
1-0: Foul Ball, location: 2F
1-1: Foul Ball, location: 2F
1-2: Ball
2-2: SINGLE (Line Drive, 7S, EV 108.1 MPH)
Batting: RHB Tatsunori Ishigaki 0-0: Grounds into double play, 4-6-3 (Groundball, 4, EV 103.1 MPH)
Batting: RHB Fernando Tovar 0-0: Foul Ball, location: 2F
0-1: Fly out, F8 (Flyball, 8RD, EV 96.9 MPH)
Top of the 2nd over - 1 run, 2 hits, 0 errors, 0 left on base; Coastal Carolina University 3 - University of Minnesota 0
BOTTOM OF THE 2ND
University of Minnesota Golden Gophers batting - Pitching for Coastal Carolina University Chanticleers : RHP Eddie Larnach
Batting: SHB Marty Kuehn 0-0: Ball
1-0: Foul Ball, location: 2F
1-1: Called Strike
1-2: Ball
2-2: Strikes out swinging
Batting: LHB Jose Moncada 0-0: Ball
1-0: Called Strike
1-1: Swinging Strike
1-2: Strikes out swinging
Batting: RHB Ron Gooch 0-0: Called Strike
0-1: Ground out 5-3 (Groundball, 5L, EV 85.6 MPH)
Bottom of the 2nd over - 0 runs, 0 hits, 0 errors, 0 left on base; Coastal Carolina University 3 - University of Minnesota 0
TOP OF THE 3RD
Coastal Carolina University Chanticleers batting - Pitching for University of Minnesota Golden Gophers : RHP John Roebuck
Batting: LHB Orlando Hurtado 0-0: Swinging Strike
0-1: Called Strike
0-2: Ball
1-2: Ball
2-2: Ball
3-2: Foul Ball, location: 2F
3-2: Fly out, F9 (Flyball, 9, EV 89.4 MPH)
Batting: RHB Isaac Washington 0-0: Called Strike
0-1: Ball
1-1: Ball
2-1: SINGLE (Groundball, 34D, EV 97.5 MPH)
Batting: RHB Chris McDaniel 0-0: Called Strike
0-1: Swinging Strike
0-2: Ball
1-2: Strikes out looking
Batting: LHB Justin Sanders 0-0: Called Strike
0-1: Ball
1-1: Swinging Strike
1-2: Strikes out swinging
Top of the 3rd over - 0 runs, 1 hit, 0 errors, 1 left on base; Coastal Carolina University 3 - University of Minnesota 0
BOTTOM OF THE 3RD
University of Minnesota Golden Gophers batting - Pitching for Coastal Carolina University Chanticleers : RHP Eddie Larnach
Batting: RHB Mike Satterfield 0-0: Called Strike
0-1: Foul Ball, location: 2F
0-2: Strikes out swinging
Batting: LHB Ivan Villegas 0-0: Swinging Strike
0-1: Foul Ball, location: 2F
0-2: Foul Ball, location: 2F
0-2: Foul Ball, location: 2F
0-2: Foul Ball, location: 2F
0-2: Foul Ball, location: 2F
0-2: Foul Ball, location: 2F
0-2: Ball
1-2: Foul Ball, location: 2F
1-2: Strikes out swinging
Batting: RHB Jose Garrido 0-0: Ball
1-0: Called Strike
1-1: Fly out, F3 (Popup, 3L, EV 67.5 MPH)
Bottom of the 3rd over - 0 runs, 0 hits, 0 errors, 0 left on base; Coastal Carolina University 3 - University of Minnesota 0
TOP OF THE 4TH
Coastal Carolina University Chanticleers batting - Pitching for University of Minnesota Golden Gophers : RHP John Roebuck
Batting: RHB Mike Grogan 0-0: Ball
1-0: SINGLE (Groundball, 6MD, EV 96.2 MPH)
Batting: SHB Iher Waithaka 0-0: Ball
1-0: Swinging Strike
1-1: Called Strike
1-2: Strikes out swinging
Batting: RHB Tristan Williams 0-0: Fly out, F3 (Popup, 3SF, EV 78.1 MPH)
Batting: RHB Tatsunori Ishigaki 0-0: Ball
1-0: Called Strike
1-1: Called Strike
1-2: Fielders Choice at 2nd, 5-4 (Groundball, 5, EV 78.1 MPH)
Top of the 4th over - 0 runs, 1 hit, 0 errors, 1 left on base; Coastal Carolina University 3 - University of Minnesota 0
BOTTOM OF THE 4TH
University of Minnesota Golden Gophers batting - Pitching for Coastal Carolina University Chanticleers : RHP Eddie Larnach
Batting: RHB Roy Evenden 0-0: Called Strike
0-1: Swinging Strike
0-2: Strikes out looking
Batting: SHB Chris Rodgers 0-0: Foul Ball, location: 2F
0-1: Swinging Strike
0-2: Ball
1-2: Ball
2-2: Strikes out swinging
Batting: RHB Ozzie Buendia 0-0: Called Strike
0-1: Swinging Strike
0-2: Strikes out swinging
Bottom of the 4th over - 0 runs, 0 hits, 0 errors, 0 left on base; Coastal Carolina University 3 - University of Minnesota 0
TOP OF THE 5TH
Coastal Carolina University Chanticleers batting - Pitching for University of Minnesota Golden Gophers : RHP John Roebuck
Batting: RHB Fernando Tovar 0-0: Fly out, F9 (Flyball, 89S, EV 93.8 MPH)
Batting: LHB Orlando Hurtado 0-0: Ball
1-0: Ball
2-0: Fly out, F8 (Flyball, 8LM, EV 78.1 MPH)
Batting: RHB Isaac Washington 0-0: Ball
1-0: Called Strike
1-1: SINGLE (Line Drive, 9S, EV 101.9 MPH)
Batting: RHB Chris McDaniel 0-0: Ball
1-0: Foul Ball, location: 2F
1-1: Ball
2-1: DOUBLE (Groundball, 5L, EV 109.4 MPH)
Isaac Washington to third
Runner from 3rd tries for Home, SAFE, throw by LF to trailing runner, SAFE at third!
Batting: LHB Justin Sanders 0-0: Foul Ball, location: 2F
0-1: Ball
1-1: Ball
2-1: Foul Ball, location: 2F
2-2: Foul Ball, location: 2F
2-2: Ball
3-2: Fly out, F9 (Flyball, 9D, EV 73.1 MPH)
Top of the 5th over - 1 run, 2 hits, 0 errors, 1 left on base; Coastal Carolina University 4 - University of Minnesota 0
BOTTOM OF THE 5TH
University of Minnesota Golden Gophers batting - Pitching for Coastal Carolina University Chanticleers : RHP Eddie Larnach
Batting: SHB Marty Kuehn 0-0: Ball
1-0: TRIPLE (Flyball, 89XD, EV 108.8 MPH)
Batting: LHB Jose Moncada 0-0: Ball
1-0: Called Strike
1-1: Ball
2-1: SINGLE (Groundball, 4, EV 111.2 MPH)
Marty Kuehn scores
Batting: RHB Ron Gooch 0-0: Called Strike
0-1: Ball
1-1: Ball
2-1: Foul Ball, location: 2F
2-2: Fly out, F7 (Flyball, 78D, EV 78.8 MPH)
Batting: RHB Mike Satterfield 0-0: Ball
1-0: Ball
2-0: Called Strike
2-1: Swinging Strike
2-2: Foul Ball, location: 2F
2-2: Ball
3-2: Strikes out swinging
Batting: LHB Ivan Villegas 0-0: Called Strike
0-1: Foul Ball, location: 2F
0-2: Ball
1-2: Fly out, F8 (Flyball, 78M, EV 85.0 MPH)
Bottom of the 5th over - 1 run, 2 hits, 0 errors, 1 left on base; Coastal Carolina University 4 - University of Minnesota 1
TOP OF THE 6TH
Coastal Carolina University Chanticleers batting - Pitching for University of Minnesota Golden Gophers : RHP John Roebuck
Pitching: RHP Enakai Moritiica
Batting: RHB Mike Grogan 0-0: Ball
1-0: Foul Ball, location: 2F
1-1: Fly out, F4 (Line Drive, 4, EV 69.4 MPH)
Batting: SHB Iher Waithaka 0-0: Ball
1-0: Ball
2-0: Foul Ball, location: 2F
2-1: Called Strike
2-2: Ball
3-2: SINGLE (Groundball, 34D, EV 100.6 MPH)
Batting: RHB Tristan Williams 0-0: Ball
1-0: Ball
2-0: Ball
3-0: Base on Balls
Iher Waithaka to second
Batting: RHB Tatsunori Ishigaki 0-0: Called Strike
0-1: Ground out 4-3 (Groundball, 4S, EV 73.8 MPH)
Iher Waithaka to third
Tristan Williams to second
Batting: RHB Fernando Tovar 0-0: Ball
1-0: Called Strike
1-1: Foul Ball, location: 2F
1-2: Ground out 6-3 (Groundball, 6, EV 78.8 MPH)
Top of the 6th over - 0 runs, 1 hit, 0 errors, 2 left on base; Coastal Carolina University 4 - University of Minnesota 1
BOTTOM OF THE 6TH
University of Minnesota Golden Gophers batting - Pitching for Coastal Carolina University Chanticleers : RHP Eddie Larnach
Pitching: LHP Kurt Koehn
Batting: RHB Jose Garrido 0-0: Called Strike
0-1: Ball
1-1: Foul Ball, location: 2F
1-2: Ball
2-2: Foul Ball, location: 2F
2-2: Ground out 3-1 (Groundball, 34, EV 101.2 MPH)
Batting: RHB Roy Evenden 0-0: Foul Ball, location: 2F
0-1: Swinging Strike
0-2: Ball
1-2: Strikes out swinging
Batting: SHB Chris Rodgers 0-0: Ball
1-0: Ball
2-0: Called Strike
2-1: Ball
3-1: Ground out 5-3 (Groundball, 56, EV 105.0 MPH)
Bottom of the 6th over - 0 runs, 0 hits, 0 errors, 0 left on base; Coastal Carolina University 4 - University of Minnesota 1
TOP OF THE 7TH
Coastal Carolina University Chanticleers batting - Pitching for University of Minnesota Golden Gophers : RHP Enakai Moritiica
Batting: LHB Orlando Hurtado 0-0: Foul Ball, location: 2F
0-1: SOLO HOME RUN (Line Drive, 89XD, EV 112.5 MPH), Distance : 451 ft
Batting: RHB Isaac Washington 0-0: Swinging Strike
0-1: Fly out, F9 (Flyball, 89S, EV 85.6 MPH)
Batting: RHB Chris McDaniel 0-0: Ball
1-0: Ball
2-0: Ball
3-0: Called Strike
3-1: Reached on error, E4 (Groundball, 4, EV 84.4 MPH)
Batting: LHB Justin Sanders 0-0: Ball
1-0: Swinging Strike
1-1: Ball
2-1: Foul Ball, location: 2F
2-2: Foul Ball, location: 2F
2-2: Ground out 5-3 (Groundball, 56S, EV 70.0 MPH)
Chris McDaniel to third
Pitching: RHP Bobby Rodriguez
Batting: RHB Mike Grogan 0-0: Ball
1-0: Foul Ball, location: 2F
1-1: Ball
2-1: Ground out 1-3 (Groundball, P, EV 71.9 MPH)
Top of the 7th over - 1 run, 1 hit, 1 error, 1 left on base; Coastal Carolina University 5 - University of Minnesota 1
BOTTOM OF THE 7TH
University of Minnesota Golden Gophers batting - Pitching for Coastal Carolina University Chanticleers : LHP Kurt Koehn
Batting: RHB Ozzie Buendia 0-0: Ground out U3 (Groundball, 34, EV 100.6 MPH)
Batting: SHB Marty Kuehn 0-0: Ground out 4-3 (Groundball, 4S, EV 70.0 MPH)
Batting: LHB Jose Moncada 0-0: Fly out, F6 (Popup, 6MS, EV 59.4 MPH)
Bottom of the 7th over - 0 runs, 0 hits, 0 errors, 0 left on base; Coastal Carolina University 5 - University of Minnesota 1
TOP OF THE 8TH
Coastal Carolina University Chanticleers batting - Pitching for University of Minnesota Golden Gophers : RHP Bobby Rodriguez
Batting: SHB Iher Waithaka 0-0: Called Strike
0-1: Ball
1-1: Ball
2-1: Swinging Strike
2-2: Ball
3-2: Ground out 5-3 (Groundball, 56, EV 80.0 MPH)
Batting: RHB Tristan Williams 0-0: Ball
1-0: Foul Ball, location: 2F
1-1: Ball
2-1: Foul Ball, location: 2F
2-2: Ball
3-2: Ground out 6-3 (Groundball, 6, EV 84.4 MPH)
Batting: RHB Tatsunori Ishigaki 0-0: SINGLE (Groundball, 56D, EV 104.4 MPH)
Batting: RHB Fernando Tovar 0-0: Ground out 5-3 (Groundball, 56S, EV 88.8 MPH)
Top of the 8th over - 0 runs, 1 hit, 0 errors, 1 left on base; Coastal Carolina University 5 - University of Minnesota 1
BOTTOM OF THE 8TH
University of Minnesota Golden Gophers batting - Pitching for Coastal Carolina University Chanticleers : LHP Kurt Koehn
Batting: RHB Ron Gooch 0-0: Swinging Strike
0-1: Ball
1-1: Foul Ball, location: 2F
1-2: Foul Ball, location: 2F
1-2: Strikes out swinging
Batting: RHB Mike Satterfield 0-0: Called Strike
0-1: Ball
1-1: Ball
2-1: Foul Ball, location: 2F
2-2: Ball
3-2: Foul Ball, location: 2F
3-2: Base on Balls
Pinch Hitting: RHB Scott Rose 0-0: Swinging Strike
0-1: Ball
1-1: Foul Ball, location: 2F
1-2: Foul Ball, location: 2F
1-2: Ball
2-2: Ball
3-2: Strikes out swinging
Pitching: RHP Dorian Sander
Batting: RHB Jose Garrido 0-0: Called Strike
0-1: Swinging Strike
0-2: Ball
1-2: Foul Ball, location: 2F
1-2: Foul Ball, location: 2F
1-2: Strikes out swinging
Bottom of the 8th over - 0 runs, 0 hits, 0 errors, 1 left on base; Coastal Carolina University 5 - University of Minnesota 1
TOP OF THE 9TH
Coastal Carolina University Chanticleers batting - Pitching for University of Minnesota Golden Gophers : RHP Bobby Rodriguez
Pitching: LHP Bing-zhong Sung
Now in LF: Bobby Agterberg
Batting: LHB Orlando Hurtado 0-0: Ball
1-0: Swinging Strike
1-1: Ground out 4-3 (Groundball, 4S, EV 64.4 MPH)
Batting: RHB Isaac Washington 0-0: SOLO HOME RUN (Flyball, 78XD, EV 113.1 MPH), Distance : 426 ft
Batting: RHB Chris McDaniel 0-0: Ball
1-0: Ball
2-0: Called Strike
2-1: Swinging Strike
2-2: Strikes out swinging
Batting: LHB Justin Sanders 0-0: Called Strike
0-1: Foul Ball, location: 2F
0-2: Strikes out swinging
Top of the 9th over - 1 run, 1 hit, 0 errors, 0 left on base; Coastal Carolina University 6 - University of Minnesota 1
BOTTOM OF THE 9TH
University of Minnesota Golden Gophers batting - Pitching for Coastal Carolina University Chanticleers : RHP Dorian Sander
Pinch Hitting: LHB Gabe Cothron 0-0: SINGLE (Line Drive, 7S, EV 85.6 MPH)
Batting: SHB Chris Rodgers 0-0: Ball
1-0: Ball
2-0: Fielders Choice at 2nd, 3-6 (Groundball, 3, EV 76.9 MPH)
Batting: RHB Ozzie Buendia 0-0: Called Strike
0-1: Fielders Choice at 2nd, 1-4 (Groundball, 15S, EV 63.8 MPH)
Batting: SHB Marty Kuehn 0-0: Foul Ball, location: 2F
0-1: Foul Ball, location: 2F
0-2: Ball
1-2: DOUBLE (Line Drive, 3D, EV 94.4 MPH)
Ozzie Buendia to third
Batting: LHB Jose Moncada 0-0: Called Strike
0-1: Foul Ball, location: 2F
0-2: 3-RUN HOME RUN (Flyball, 9D, EV 93.8 MPH), Distance : 357 ft
Pitching: RHP Jim Eisinger
Now at 1B: Nate Kokx
Batting: RHB Ron Gooch 0-0: Ground out U3 (Groundball, 34, EV 83.8 MPH)
Bottom of the 9th over - 3 runs, 3 hits, 0 errors, 0 left on base; Coastal Carolina University 6 - University of Minnesota 4
Tuesday, March 28th , 2023 - OOTP Baseball 23.10 Build 110